 Dungeon Crawl Stone Soup version 0.29.1-15-g9cfb28693d (webtiles) character file.

Game seed: 7345863258839773461

61 DemonSlayer the Digger (level 3, -2/24 HPs)
             Began as a Demonspawn Earth Elementalist on Mar 1, 2023.
             Slain by a goblin
             ... wielding a +0 club
             ... led by Robin
              (4 damage)
             ... on level 2 of the Dungeon on Mar 2, 2023.
             The game lasted 00:04:17 (1960 turns).

DemonSlayer the Digger (DsEE)                       Turns: 1960, Time: 00:04:17

Health: -2/24      AC:  2    Str: 10    XL:     3   Next: 83%
Magic:  0/7        EV: 12    Int: 16    God:
Gold:   49         SH:  0    Dex: 19    Spells: 2/8 levels left

rFire   . . .      SeeInvis .   e - +0 mace
rCold   . . .      Faith    .   (no shield)
rNeg    . . .      Spirit   .   a - +0 robe
rPois   .          Reflect  .   (no helmet)
rElec   .          Harm     .   (no cloak)
rCorr   .          Rampage  .   (no gloves)
Will    .....                   (no boots)
Stlth   ++........              (no amulet)
HPRegen 0.08/turn               b - +6 ring of dexterity
MPRegen 0.10/turn               (no ring)

@: no status effects
A: ignite blood 1, powered by pain 1
a: no special abilities


You were on level 2 of the Dungeon.
You visited 1 branch of the dungeon, and saw 2 of its levels.

You collected 49 gold pieces.

Inventory:

Hand Weapons
 e - a +0 mace (weapon)
Armour
 a - a +0 robe (worn)
Jewellery
 b - a +6 ring of dexterity (left hand)
Scrolls
 f - 2 scrolls of identify {unknown}
 i - a scroll of noise {unknown}
 j - a scroll of amnesia {unknown}
Potions
 c - 2 potions of mutation {unknown}
 d - a potion of flight {unknown}
 g - 2 potions of resistance {unknown}
 h - a potion of lignification {unknown}


   Skills:
 + Level 0.3 Fighting
 + Level 0.1 Maces & Flails
 + Level 1.8 Dodging
 + Level 1.9 Stealth
 + Level 3.1 Spellcasting
 + Level 0.8 Transmutations
 + Level 3.3 Earth Magic


You had 2 spell levels left.
You knew the following spells:

 Your Spells              Type           Power      Damage    Failure   Level
a - Sandblast             Erth           26%        2d8       4%          1
b - Passwall              Tmut/Erth      7%         N/A       12%         2
c - Stone Arrow           Conj/Erth      14%        3d7       28%         3

Your spell library contained the following spells:

 Spells                   Type           Power      Damage    Failure   Level
 Petrify                  Tmut/Erth      9%         N/A       61%         4


Dungeon Overview and Level Annotations

Branches:
Dungeon (2/15)

Altars:


Innate Abilities, Weirdness & Mutations

Your demonic aura sometimes causes spilled blood to erupt in flames.
You sometimes gain a little power by taking damage.


Message History

You barely miss the goblin. The goblin misses you.
You barely miss the goblin. The goblin hits you with a +0 club.
The goblin hits you but does no damage.
You hit the goblin.
The goblin is moderately wounded.
The goblin hits you but does no damage.
You closely miss the goblin.
The goblin is moderately wounded.
The goblin hits you with a +0 club. x2
You are too injured to fight recklessly!
You are too injured to fight recklessly!
Casting: Sandblast (safe; 4% risk of failure)
Confirm with . or Enter, or press ? or * to list all spells.
Aiming: Sandblast (safe; 4% risk of failure)
Press: ? - help, Shift-Dir - straight line, f - goblin
Aim: a goblin, wielding a +0 club (moderately wounded, 77% to hit)
The blast of sand misses the goblin.
The goblin hits you with a +0 club.
* * * LOW HITPOINT WARNING * * *
Unknown command.
Casting: Sandblast (safe; 4% risk of failure)
Confirm with . or Enter, or press ? or * to list all spells.
You don't have enough magic to cast this spell.
Unknown command.
You closely miss the goblin.
The goblin is moderately wounded.
The goblin closely misses you. The goblin hits you with a +0 club.
* * * LOW HITPOINT WARNING * * *
You hit the goblin.
The goblin is heavily wounded.
The goblin closely misses you.
You barely miss the goblin.
The goblin is heavily wounded.
The goblin hits you with a +0 club.
* * * LOW HITPOINT WARNING * * *
You barely miss the goblin.
The goblin is heavily wounded.
The goblin hits you with a +0 club.
* * * LOW HITPOINT WARNING * * *
The goblin hits you with a +0 club.
You die...

#~≈≈~## #######..# #.#
~~≈≈~# #........# #.#
~≈≈~~# #.######'## #.# #.#
#....# #.# #.# #..#.# #.##
#.# #.#..# #... ~ ≈~~ #.#
#....# #### ~≈≈~#
########)# ####### ~≈≈~#
##.(...g@.###...## ##
~≈≈~#####.#.########.##..#
#.
g≈≈~..)..###.............#
#.
g≈≈~~####.#.########.#...#
#> ~g≈≈g......## ##<..##
#. .g≈≈~....### ##..# #.
#†≈≈~~##.# #..# #.
#~~≈≈~##.# ##.# ##
##~≈≈~~#.###### #†# #


You could see a goblin.

Vanquished Creatures
  Robin (D:2)
  A gnoll (D:1)
  5 ball pythons
  4 endoplasms
  A giant cockroach (D:1)
  8 goblins
  4 hobgoblins (D:2)
  3 kobolds
  A quokka (D:1)
  3 bats
  2 frilled lizards (D:1)
  6 rats
39 creatures vanquished.

Notes
Turn   | Place    | Note
-------+----------+-------------------------------------------
     0 | D:1      | DemonSlayer the Demonspawn Earth Elementalist began the
                  | quest for the Orb.
     0 | D:1      | Reached XP level 1. HP: 13/13 MP: 3/3
   329 | D:1      | Gained mutation: Your demonic aura sometimes causes spilled
                  | blood to erupt in flames. [demonic ancestry]
   329 | D:1      | Reached XP level 2. HP: 19/19 MP: 1/5
   866 | D:1      | Gained mutation: You sometimes gain a little power by
                  | taking damage. [demonic ancestry]
   866 | D:1      | Reached XP level 3. HP: 24/24 MP: 5/7
  1116 | D:2      | Learned a level 2 spell: Passwall
  1120 | D:2      | Learned a level 3 spell: Stone Arrow
  1175 | D:2      | Found a faded altar of an unknown god.
  1215 | D:2      | Noticed Robin
  1941 | D:2      | Killed Robin
  1960 | D:2      | Slain by a goblin

Illustrated notes

Levels and vault maps discovered:
D:1:      minmay_arrival_nine_rooms, layout_basic
D:2:      wander_river, layout_loops_ring, ebering_ecumenical_altar_rust,
          serial_shops, shop, kennysheep_generic_room_14, uniq_robin

Skill      XL: |  1  2  3 |
---------------+----------+-----
Earth Magic    | 3 |  3.3
Spellcasting   | 3 |  3.1
Fighting       | |  0.3
Maces & Flails | |  0.1
Dodging        | |  1.8
Stealth        | |  1.9
Transmutations | |  0.8

Action                   || total
-------------------------++-------
Melee: Unarmed           ||     4
       Club              ||     1
       Mace              ||    21
       Punch             ||     1
 Cast: Sandblast         ||    54
  Use: Potion            ||     1
Armor: Robe              ||    26
Dodge: Dodged            ||    56
